 Dungeon Sprint DCSS version 0.30.1-11-g7821555f0a (webtiles) character file.

Game seed: 15463534947995512728

4055 Groucho the Unseen (level 10, -19/58 HPs)
             Began as a Spriggan Hunter on Nov 20, 2023.
             Was the Champion of Dithmenos.
             Killed by the air
             ... invoked by a wind drake
              (21 damage)
             ... in the Dungeon (Sprint VII: "The Pits").
             The game lasted 00:12:23 (6047 turns).

Groucho the Unseen (Spriggan Hunter)                Turns: 6047, Time: 00:12:24

Health: -19/58     AC: 11    Str:  7    XL:     10   Next: 4%
Magic:  20/20      EV: 28    Int: 16    God:    Dithmenos [******]
Gold:   0          SH:  0    Dex: 18    Spells: 21/21 levels left

rFire   . . .        a - +0 shortbow
rCold   . . .        (shield currently unavailable)
rNeg    . . .        c - +0 robe
rPois   .            (helmet restricted)
rElec   .            r - +2 cloak {Stlth+}
rCorr   .            (gloves unavailable)
SInv    +            (boots unavailable)
Will    +....        (no amulet) Stlth ****++++++
                     k - +3 ring of protection
HPRegen 0.29/turn    n - +3 ring of protection
MPRegen 0.17/turn

%: no teleportation
@: wreathed by umbra, very quick
A: very small, no large weapons, unfitting armour, see invisible, speed 3
a: Renounce Religion, Shadow Step, Shadow Form


You were in the Dungeon.
You worshipped Dithmenos.
Dithmenos was exalted by your worship.
You visited 1 branch

Inventory:

Hand Weapons
 a - a +0 shortbow (weapon)
 j - a +2 dagger
Armour
 c - a +0 robe (worn)
 r - a +2 cloak of stealth (worn)
Jewellery
 k - a +3 ring of protection (left hand)
 n - a +3 ring of protection (right hand)
Wands
 q - a wand of flame (12)
Scrolls
 b - a scroll of immolation
 i - a scroll of blinking
 l - 5 scrolls of amnesia
 m - a scroll of summoning
Potions
 d - 8 potions of curing
 e - 9 potions of heal wounds
 f - a potion of haste
 g - 4 potions of magic
 h - 7 potions of berserk rage
 o - a potion of resistance


   Skills:
 + Level 9.6 Fighting
 + Level 9.2 Short Blades
 + Level 11.9 Ranged Weapons
 + Level 14.6 Dodging
 - Level 15.0 Stealth
 + Level 6.0 Spellcasting


You had 21 spell levels left.
You didn't know any spells.
Your spell library was empty.

Dungeon Overview and Level Annotations

Branches:
Dungeon (1/1)

Altars:
Ashenzari
Cheibriados
Dithmenos
Elyvilon
Fedhas
Gozag
Hepliaklqana
Kikubaaqudgha
Makhleb
Nemelex Xobeh
Okawaru
Qazlal
Ru
Sif Muna
Trog
Uskayaw
Vehumet
Wu Jian
Xom
Yredelemnul
Zin
The Shining One
Jiyva
Lugonu


Innate Abilities, Weirdness & Mutations

You are very small and have problems with some larger weapons.
You are too small for most types of armour.
You have supernaturally acute eyesight. (SInv)
You cover ground extremely quickly. (Speed+++)


Message History

The wind drake is lightly wounded.
The wind drake exhales a fierce blast of wind!
You are knocked back by the gust of wind.
Unknown command.
You shoot an arrow.
The arrow closely misses the wind drake.
The wind drake flaps its wings at you. The air twists around and strikes you!
You emit a cloud of dark smoke.
Unknown command.
Unknown command.
You shoot an arrow. The arrow misses the wind drake.
You shoot an arrow. The arrow misses the wind drake.
The wind drake exhales a fierce blast of wind!
You are knocked back by the gust of wind.
You slam into the metal wall!
You shoot an arrow. The arrow barely misses the wind drake.
You shoot an arrow. The arrow hits the wind drake.
The wind drake is lightly wounded.
Your shadow shoots an arrow.
The arrow barely misses the wind drake.
You shoot an arrow. The arrow barely misses the wind drake.
Your shadow shoots an arrow.
The arrow closely misses the wind drake.
The wind drake flaps its wings at you. The air twists around and strikes you!
You emit a cloud of dark smoke.
You are too injured to fight recklessly!
You are too injured to fight recklessly!
You are too injured to fight recklessly!
Things that are here:
a +0 leather armour; a +0 hand axe Unknown command.
Unknown command.
The wind drake bites you! The wind drake flaps its wings at you.
The air twists around and strikes you!!
* * * LOW HITPOINT WARNING * * *
You emit a cloud of dark smoke.
There is an open door to the Entrance Hall (Safe) here.
The wind drake flaps its wings at you. The air twists around and strikes you!!
You die...

#_______...###########++######
##########'##§§§§..k.........#
#.?(.')))'.##§§§§..#..#......#
##########.##§§§§.§§§§§......+
#.....).....+§.§§k§§§§§......+
#+#####'#####§§§...#§§#......#
#.#...#.#..##§§§...§§§§......#
#)#...#.#))#####'#####§'######
#.#...'.#))##...@...##)'# #####
#.##'####))##.......##..###...#
#.#.....#[[##.......##...##...# .
#.#÷....#'###...<...###..)##'##..
#.#........##.......# ##)........
#)#........##.......###..###'###.
#+###########.......##..##.....##
#..)s...#.. ##########..'.......'
#.).#...#.############..##.....##


You could see a wind drake (repels missiles).

Vanquished Creatures
  A flayed ghost (D)
  A cyclops (D)
  A manticore (D)
  Psyche (D)
  A polar bear (D)
  A tarantella (D)
  3 snapping turtles (D)
  5 dream sheep (D)
  A warg (D)
  An ogre (D)
  A phantom (D)
  A gnoll sergeant (D)
  2 scorpions (D)
  A quasit (D)
  2 orc priests (D)
  An iron imp (D)
  Crazy Yiuf (D)
  An orc wizard (D)
  A mummy (D)
  4 gnolls (D)
  2 river rats (D)
  An ufetubus (D)
  5 orcs (D)
  A bat skeleton (D)
  2 giant cockroaches (D)
  3 hobgoblins (D)
  4 jackals (D)
  2 quokkas (D)
  A ball python (D)
  A bat (D)
  A quokka zombie (D)
54 creatures vanquished.

Notes
Turn   | Place    | Note
-------+----------+-------------------------------------------
     0 | D        | Groucho the Spriggan Hunter began the quest for the Orb.
     0 | D        | Reached XP level 1. HP: 10/10 MP: 2/2
    26 | D        | Reached skill level 2 in Stealth
    65 | D        | Found a bloodstained altar of Trog.
    65 | D        | Found a shimmering blue altar of Sif Muna.
    65 | D        | Found a viscous altar of Jiyva.
    65 | D        | Found a hazy altar of Hepliaklqana.
    65 | D        | Found an opulent altar of Gozag.
    66 | D        | Found a glowing golden altar of the Shining One.
    66 | D        | Found a glowing silver altar of Zin.
    66 | D        | Found a basalt altar of Yredelemnul.
    66 | D        | Found a shimmering altar of Xom.
    66 | D        | Found an ornate altar of the Wu Jian Council.
    66 | D        | Found a sacrificial altar of Ru.
    66 | D        | Found a stormy altar of Qazlal.
    66 | D        | Found an iron altar of Okawaru.
    66 | D        | Found a sparkling altar of Nemelex Xobeh.
    66 | D        | Found a burning altar of Makhleb.
    66 | D        | Found a blossoming altar of Fedhas.
    66 | D        | Found a white marble altar of Elyvilon.
    66 | D        | Found a shadowy altar of Dithmenos.
    66 | D        | Found a snail-covered altar of Cheibriados.
    68 | D        | Found a corrupted altar of Lugonu.
    68 | D        | Found a radiant altar of Vehumet.
    69 | D        | Found an ancient bone altar of Kikubaaqudgha.
    69 | D        | Found a hide-covered altar of Uskayaw.
    69 | D        | Found a broken altar of Ashenzari.
    74 | D        | Became a worshipper of Dithmenos the Shadowed
    85 | D        | Noticed a scorpion
    85 | D        | Noticed a scorpion
   119 | D        | Killed a scorpion
   120 | D        | Reached skill level 5 in Ranged Weapons
   120 | D        | Reached skill level 5 in Dodging
   120 | D        | Reached skill level 5 in Stealth
   120 | D        | Reached XP level 2. HP: 16/16 MP: 3/3
   120 | D        | Reached XP level 3. HP: 20/20 MP: 4/4
   141 | D        | Killed a scorpion
   142 | D        | Reached skill level 7 in Stealth
   142 | D        | Reached XP level 4. HP: 25/25 MP: 5/5
   175 | D        | Reached * piety under Dithmenos
   202 | D        | Reached ** piety under Dithmenos
   235 | D        | Reached skill level 8 in Stealth
   235 | D        | Reached XP level 5. HP: 16/30 MP: 6/6
   605 | D        | Reached *** piety under Dithmenos
   607 | D        | Noticed an ogre
   608 | D        | Noticed a phantom
   611 | D        | Reached skill level 5 in Fighting
   611 | D        | Reached skill level 9 in Stealth
   622 | D        | Killed an ogre
   623 | D        | Reached skill level 10 in Stealth
   623 | D        | Reached XP level 6. HP: 35/35 MP: 7/7
   626 | D        | Reached **** piety under Dithmenos
   651 | D        | Reached ***** piety under Dithmenos
   661 | D        | Reached skill level 11 in Stealth
   697 | D        | Noticed a warg
   801 | D        | Killed a warg
   802 | D        | Reached skill level 10 in Dodging
   802 | D        | Reached XP level 7. HP: 41/41 MP: 8/8
  1305 | D        | Noticed a manticore
  1331 | D        | Killed a manticore
  1332 | D        | Reached skill level 12 in Stealth
  1671 | D        | Reached skill level 13 in Stealth
  1988 | D        | Noticed a cyclops
  1988 | D        | Noticed a dream sheep
  1988 | D        | Noticed a dream sheep
  1988 | D        | Noticed a dream sheep
  1990 | D        | Noticed a dream sheep
  2377 | D        | Killed a cyclops
  2378 | D        | Reached skill level 5 in Short Blades
  2378 | D        | Reached XP level 8. HP: 41/47 MP: 9/9
  2386 | D        | Noticed a dream sheep
  2744 | D        | Killed a dream sheep
  2745 | D        | Reached skill level 10 in Ranged Weapons
  2745 | D        | Reached skill level 14 in Stealth
  3543 | D        | Killed a dream sheep
  3828 | D        | Killed a dream sheep
  3828 | D        | Reached ****** piety under Dithmenos
  3831 | D        | Killed a dream sheep
  3832 | D        | Reached XP level 9. HP: 52/52 MP: 10/10
  3837 | D        | Reached skill level 15 in Stealth
  4464 | D        | Noticed a flayed ghost
  4464 | D        | Noticed a polar bear
  4546 | D        | Killed a polar bear
  4575 | D        | Noticed Crazy Yiuf
  4583 | D        | Killed Crazy Yiuf
  4661 | D        | Killed a flayed ghost
  5363 | D        | Reached skill level 5 in Spellcasting
  5478 | D        | Noticed a demonic crawler
  5845 | D        | Noticed Psyche
  5863 | D        | Killed Psyche
  5864 | D        | Reached XP level 10. HP: 58/58 MP: 18/20
  6041 | D        | HP: 1/58 [wind drake/the air (18)]
  6047 | D        | Killed from afar by a wind drake

Illustrated notes

Levels and vault maps discovered:
D:        pitsprint [storerooms_1, entrance_room_1, metal_vault_5, armoury_1,
          mini_pit_1, grid_room_1, main_hall_1, silver_pit, the_coven_3,
          the_vestibule_1, steel_vault_4, golden_pit, hallway_of_sentries,
          crystal_vault_5, iron_vault_4, final_vault]

Skill      XL: |  1  2  3  4  5  6  7  8  9 |
---------------+----------------------------+-----
Dodging        | 5 6 7 8 10 11 12 14 | 14.6
Stealth        | 5 7 8 10 11 13 14 15 | 15.0
Fighting       | 3 4 5 6 7 8 9 |  9.6
Ranged Weapons | 5 6 7 8 9 10 11 | 11.9
Short Blades   | 5 6 9 |  9.2
Spellcasting   | 6 |  6.0

Action                     |  1- 3 |  4- 6 |  7- 9 | 10-12 || total
---------------------------+-------+-------+-------+-------++-------
  Melee: Dagger            |       |       |    16 |       ||    16
   Fire: Shortbow          |    15 |   102 |   311 |    19 ||   447
  Evoke: Wand              |       |       |       |     1 ||     1
    Use: Potion            |       |       |     5 |       ||     5
   Stab: Invisible         |       |       |     3 |       ||     3
 Armour: Robe              |     1 |    12 |     1 |     1 ||    15
  Dodge: Dodged            |     3 |   129 |    97 |     5 ||   234
